 Dungeon Crawl Stone Soup version 0.17-a0-2074-gaf3f87d (webtiles) character file.

2951 Maka the Geomancer (level 9, 0/45 HPs)
             Began as a Gargoyle Earth Elementalist on Oct 15, 2015.
             Was a Believer of Vehumet.
             Slain by Joseph
             ... wielding a +0 quarterstaff
              (7 damage)
             ... on level 7 of the Dungeon.
             The game lasted 00:20:13 (7297 turns).

Maka the Geomancer (Gargoyle Earth Elementalist)    Turns: 7297, Time: 00:20:14

Health: 0/45       AC: 11    Str: 12    XL:     9   Next: 81%
Magic:  15/21      EV: 17    Int: 19    God:    Vehumet [**....]
Gold:   377        SH:  0    Dex: 10    Spells: 4 memorised, 13 levels left

rFire  + . .     SeeInvis .     a - 50 stones
rCold  . . .     Clarity  .     m - +1 robe {rF+}
rNeg   + . .     SustAt   .     (no shield)
rPois  ∞         Gourm    .     n - +1 helmet
rElec  +         Spirit   .     y - +0 cloak
rCorr  .         Warding  .     (no gloves)
rMut   .         Stasis   .     (no boots)
MR     .....                    (no amulet)
Stlth  ++........               r - +3 ring of evasion
                                k - +2 ring of evasion

@: not resistant to hostile enchantments, unstealthy
A: negative energy resistance 1, electricity resistance, unbreathing,
petrification resistance, rot immunity, AC +5
a: Renounce Religion


You were on level 7 of the Dungeon.
You worshipped Vehumet.
Vehumet was pleased with you.
You were not hungry.

You visited 1 branch of the dungeon, and saw 7 of its levels.
You also visited: Ossuary.

You collected 377 gold pieces.

Inventory:

Hand Weapons
 b - a +0 dagger of venom
Missiles
 a - 50 stones (in hand)
Armour
 m - a +1 robe of fire resistance (worn)
 n - a +1 helmet (worn)
 y - a +0 cloak (worn)
Jewellery
 k - a +2 ring of evasion (left hand)
 r - a +3 ring of evasion (right hand)
Wands
 h - a wand of fireball (14)
 u - a wand of enslavement (11)
 v - a wand of flame (8)
Scrolls
 o - a scroll of magic mapping
 C - a scroll of fear {unknown}
 D - a scroll of random uselessness {unknown}
 E - a scroll of remove curse
Potions
 e - a potion of mutation {unknown}
 f - a potion of haste {unknown}
 g - 2 potions of berserk rage {unknown}
 i - 3 potions of degeneration {unknown}
 j - 2 potions of magic {unknown}
 l - 2 potions of heal wounds {unknown}
 s - 4 potions of flight {unknown}
 t - 4 potions of curing
 w - 2 potions of cancellation {unknown}
 x - 4 potions of brilliance {unknown}
 z - 2 potions of agility {unknown}
Books
 c - a book of Geomancy

   Spells                             Type                      Level
   a - Sandblast                      Earth                        1
   b - Stoneskin                      Transmutation/Earth          2
   c - Passwall                       Transmutation/Earth          3
   d - Stone Arrow                    Conjuration/Earth            3
   e - Petrify                        Transmutation/Earth          4
   f - Lee's Rapid Deconstruction     Earth                        5
 q - a book of Conjurations

   Spells                             Type                      Level
   a - Magic Dart                     Conjuration                  1
   b - Searing Ray                    Conjuration                  2
   c - Dazzling Spray                 Conjuration/Hexes            3
   d - Fulminant Prism                Conjuration/Hexes            4
   e - Iskenderun's Mystic Blast      Conjuration                  4
   f - Iskenderun's Battlesphere      Conjuration/Charms           5
 F - a book of Death

   Spells                             Type                      Level
   a - Corpse Rot                     Necromancy                   2
   b - Sublimation of Blood           Necromancy                   2
   c - Agony                          Necromancy                   5
   d - Dispel Undead                  Necromancy                   5
   e - Excruciating Wounds            Charms/Necromancy            5
   f - Bolt of Draining               Conjuration/Necromancy       5
Comestibles
 d - 5 bread rations
 p - 3 meat rations
 A - 5 fruits
 B - 2 beef jerkies


   Skills:
 - Level 3.0 Dodging
 - Level 2.1 Stealth
 - Level 8.0 Spellcasting
 + Level 4.2 Conjurations
 - Level 1.0 Transmutations
 - Level 11.0 Earth Magic


You had 13 spell levels left.
You knew the following spells:

 Your Spells              Type           Power        Failure   Level  Hunger
a - Sandblast             Erth           #####.       1%          1    None
b - Stoneskin             Trmt/Erth      ####....     1%          2    None
c - Stone Arrow           Conj/Erth      #####.       1%          3    None
d - Lee's Rapid Deconstr  Erth           #####.....   2%          5    #####..


Dungeon Overview and Level Annotations

Branches:
Dungeon (7/15)             Temple (0/1) D:4

Altars:
Ashenzari
Dithmenos
Elyvilon
Fedhas
Gozag
Kikubaaqudgha
Okawaru
Qazlal
Ru
Vehumet
Yredelemnul

Shops:
D:7 ?

Annotations:
D:7 Joseph


Innate Abilities, Weirdness & Mutations

You are resistant to torment.
Your stone body is resilient (AC +5).
You are immune to poison.
You resist negative energy.
You are resistant to electric shocks.
You can survive without breathing.
You are immune to petrification.
You are immune to rotting.


Message History

Joseph is almost dead.
Joseph hits you with an uncursed quarterstaff!
* * * LOW HITPOINT WARNING * * *
Casting: Sandblast
Confirm with . or Enter, or press ? or * to list all spells.
Aiming: Sandblast
Press: ? - help, Shift-Dir - straight line, f/p - Joseph
Aim: Joseph, wielding a quarterstaff and wearing a ring mail (almost dead)
The rocky blast hits Joseph.
Joseph is almost dead.
Joseph hits you but does no damage.
Casting: Sandblast
Confirm with . or Enter, or press ? or * to list all spells.
Aiming: Sandblast
Press: ? - help, Shift-Dir - straight line, f/p - Joseph
Aim: Joseph, wielding a quarterstaff and wearing a ring mail (almost dead)
The rocky blast hits Joseph.
Joseph is almost dead.
Joseph hits you with an uncursed quarterstaff!
You die...

... #.@# .# ##.## .#
#l.# .# #..## .# #...#
.# #. ##(.# .# #. #(.##
.# ###.#####@.# .#
#.......@..# .#
#..........## .#
#...........# ##
#...........#
#########.........#..#
#......##.........#..#
#......####.########..#
#......# #.# ..#
#......####.#


You could see Joseph.

Vanquished Creatures
  Pikel (D:4)
  The ghost of Maka the Cudgeler, an amateur DDFi of Makhleb (D:5)
  Sigmund (D:4)
  Menkaure (D:7)
  2 sky beasts
  3 ogres
  2 ice beasts
  A slave (D:4)
  Blork the orc (D:6)
  4 giant frogs
  A scorpion (D:5)
  3 wights
  A crimson imp (D:6)
  A giant frog zombie (D:5)
  A hound (D:4)
  A gnoll shaman (D:6)
  2 orc priests
  A giant frog skeleton (D:5)
  4 orc wizards
  Natasha (twice) (D:2)
  5 worker ants
  2 hound zombies (D:5)
  2 hound skeletons
  10 adders
  13 gnolls
  An adder zombie (Ossuary)
  2 worms
  3 giant geckos
  17 orcs
  3 ball pythons
  7 hobgoblins
  5 quokkas
  A ball python skeleton (Ossuary)
  10 bats
  3 giant cockroaches
  2 giant gecko skeletons
  6 giant newts
  10 goblins
  A goblin zombie (D:4)
  4 hobgoblin skeletons (Ossuary)
  13 jackals
  5 kobolds
  A kobold zombie (Ossuary)
  An orc skeleton (Ossuary)
  A quokka zombie (D:5)
  7 rats
  A rat zombie (D:4)
  A spectral orc (D:5)
  A fungus (D:1)
172 creatures vanquished.

Vanquished Creatures (others)
  An orc (D:4)
1 creature vanquished.

Grand Total: 173 creatures vanquished

Notes
Turn   | Place    | Note
--------------------------------------------------------------
     0 | D:1      | Maka the Gargoyle Earth Elementalist began the quest for the Orb.
     0 | D:1      | Reached XP level 1. HP: 10/10 MP: 3/3
   352 | D:1      | Reached skill level 4 in Earth Magic
   396 | D:1      | Reached XP level 2. HP: 6/15 MP: 3/5
  1022 | D:1      | Reached skill level 5 in Earth Magic
  1022 | D:1      | Reached XP level 3. HP: 3/19 MP: 4/6
  1044 | D:1      | Learned a level 2 spell: Stoneskin
  1048 | D:1      | Learned a level 3 spell: Stone Arrow
  1630 | D:2      | Reached skill level 1 in Transmutations
  1716 | D:2      | Found a blossoming altar of Fedhas.
  1717 | D:2      | Noticed Natasha
  1720 | D:2      | Found a stormy altar of Qazlal.
  1822 | D:2      | Reached skill level 1 in Conjurations
  1913 | D:2      | Killed Natasha
  1913 | D:2      | Reached XP level 4. HP: 12/24 MP: 0/7
  2017 | D:2      | Found an ancient bone altar of Kikubaaqudgha.
  2097 | D:2      | Noticed Natasha
  2107 | D:2      | Killed Natasha
  2780 | D:3      | Found a radiant altar of Vehumet.
  2801 | D:3      | Became a worshipper of Vehumet
  2813 | D:3      | Reached XP level 5. HP: 28/28 MP: 8/8
  3242 | D:4      | Noticed an ogre
  3254 | D:4      | Killed an ogre
  3254 | D:4      | Reached skill level 6 in Earth Magic
  3359 | D:4      | Found a staircase to the Ecumenical Temple.
  3359 | D:4      | Noticed an ogre
  3367 | D:4      | Killed an ogre
  3367 | D:4      | Reached skill level 7 in Earth Magic
  3367 | D:4      | Reached XP level 6. HP: 32/32 MP: 4/9
  3440 | D:4      | Found a sacrificial altar of Ru.
  3452 | D:4      | Found a sand-covered staircase.
  3502 | Ossuary  | Entered an ossuary
  3647 | Ossuary  | Noticed a flying skull
  3647 | Ossuary  | Noticed a wraith
  3653 | Ossuary  | Noticed a flying skull
  3658 | Ossuary  | Noticed a wraith
  3768 | Ossuary  | Noticed a flying skull
  3770 | Ossuary  | Noticed Vergil's ghost (amateur MiGl)
  3778 | Ossuary  | Noticed a flying skull
  3781 | Ossuary  | Noticed a flying skull
  3785 | Ossuary  | Noticed a wraith
  3929 | D:4      | Reached XP level 7. HP: 32/36 MP: 8/11
  3934 | D:4      | Reached * piety under Vehumet
  3934 | D:4      | Offered knowledge of Flame Tongue by Vehumet.
  3991 | D:4      | Reached skill level 8 in Earth Magic
  4258 | D:4      | Noticed a slave
  4258 | D:4      | Noticed a slave
  4259 | D:4      | Noticed Pikel
  4261 | D:4      | Noticed a slave
  4264 | D:4      | Noticed a slave
  4527 | D:4      | Killed a slave
  4545 | D:4      | Killed Pikel
  4545 | D:4      | Reached skill level 5 in Spellcasting
  4545 | D:4      | Reached skill level 9 in Earth Magic
  4545 | D:4      | Reached XP level 8. HP: 17/41 MP: 2/15
  4906 | D:4      | Noticed Sigmund
  4912 | D:4      | Killed Sigmund
  4959 | D:4      | Found a shattered altar of Ashenzari.
  4959 | D:4      | Found a shadowy altar of Dithmenos.
  4994 | D:5      | Entered Level 5 of the Dungeon
  5201 | D:5      | Noticed Maka's ghost (amateur DDFi)
  5317 | D:5      | Killed Maka's ghost
  5317 | D:5      | Reached XP level 9. HP: 26/45 MP: 2/19
  5530 | D:5      | Learned a level 5 spell: Lee's Rapid Deconstruction
  5795 | D:4      | Reached skill level 10 in Earth Magic
  5894 | D:5      | Found a white marble altar of Elyvilon.
  5935 | D:5      | Found a basalt altar of Yredelemnul.
  6102 | D:6      | Reached ** piety under Vehumet
  6102 | D:6      | Offered knowledge of Shock by Vehumet.
  6123 | D:6      | Noticed Blork the orc
  6145 | D:6      | Killed Blork the orc
  6395 | D:6      | Found an opulent altar of Gozag.
  6405 | D:6      | Found an iron altar of Okawaru.
  6484 | D:6      | Found a white marble altar of Elyvilon.
  6590 | D:6      | Reached skill level 11 in Earth Magic
  6824 | D:7      | Offered knowledge of Static Discharge by Vehumet.
  6839 | D:7      | Found Xifutiuc's Magic Scroll Shop.
  7062 | D:7      | Noticed Menkaure
  7068 | D:7      | Killed Menkaure
  7274 | D:7      | Noticed Joseph
  7297 | D:7      | Slain by Joseph

Vault maps used:
D:1:      dpeg_arrival_central, minmay_gold_behind_fungi
D:2:      grunt_temple_overflow_forces_of_nature, lemuel_crystal_altar,
          uniq_natasha
D:3:      fiery_altar_vehumet
D:4:      gammafunk_temple_overflow_elements,
          nicolae_ru_great_annihilating_truth,
          minmay_temple_entry_statues_fountains, enter_ossuary_3, first_bread,
          uniq_pikel, uniq_sigmund
D:5:      yredelemnul_forgotten_temple_becter, basic_altar
D:6:      elyvilon_altar_3, amethyst_overflow_temple_binary, uniq_blork_the_orc
D:7:      serial_shops, shop_scrolls, uniq_joseph, uniq_menkaure
Ossuary:  ossuary_due_cavern

Action                   |  1- 3 |  4- 6 |  7- 9 || total
-------------------------+-------+-------+-------++-------
Melee: Club              |    23 |       |       ||    23
       Dagger            |    16 |       |   364 ||   380
       Unarmed           |     1 |       |       ||     1
       Spear             |    90 |   228 |    25 ||   343
 Cast: Sandblast         |    20 |    33 |   104 ||   157
       Stone Arrow       |       |       |     1 ||     1
  Use: Scroll            |     1 |     6 |     4 ||    11
       Potion            |       |       |     1 ||     1
 Stab: Sleeping          |     1 |     3 |     5 ||     9
       Distracted        |       |     1 |       ||     1
       Paralysed         |       |       |     1 ||     1
  Eat: Chunk             |     3 |     4 |     3 ||    10
       Fruit             |       |     3 |     4 ||     7
       Beef jerky        |       |     2 |     1 ||     3
       Royal jelly       |       |       |     1 ||     1
